 Dungeon Crawl Stone Soup version 0.31-a0-204-g7da18cac08 (webtiles) character file.

Game seed: 8128330394650714091

408 qw the Skirmisher (level 6, -6/35 HPs)
             Began as a Deep Elf Hunter on June 27, 2023.
             Mangled by Sigmund
             ... wielding a +0 scythe
              (7 damage)
             ... on level 5 of the Dungeon.
             The game lasted 00:01:30 (3685 turns).

qw the Skirmisher (Deep Elf Hunter)                 Turns: 3685, Time: 00:01:30

Health: -6/35      AC:  6    Str: 10    XL:     6   Next: 57%
Magic:  8/8        EV: 11    Int: 14    God:
Gold:   870        SH:  0    Dex: 18    Spells: 5/5 levels left

rFire   . . .        Y - +1 shortbow (flame)
rCold   . . .        (shield currently unavailable)
rNeg    . . .        b - +0 ring mail
rPois   .            (no helmet)
rElec   .            (no cloak)
rCorr   .            c - +0 pair of gloves
SInv    .            (no boots)
Will    .....        (no amulet) Stlth
                     (no ring)
HPRegen 0.25/turn    (no ring)
MPRegen 0.11/turn

%: no passive effects
@: confused
A: no striking features
a: no special abilities


You were on level 5 of the Dungeon.
You visited 1 branch of the dungeon, and saw 5 of its levels.
You also visited: Sewer.

You collected 870 gold pieces.


   Skills:
 - Level 2.0 Fighting
 - Level 10.0 Ranged Weapons
 + Level 0.2 Armour
 - Level 3.0 Dodging
 - Level 1.2 Stealth


You had 5 spell levels left.
You didn't know any spells.
Your spell library was empty.

Inventory:

Hand Weapons
 Y - a +1 shortbow of flaming (weapon)
Armour
 b - a +0 ring mail (worn)
 c - a +0 pair of gloves (worn)
Scrolls
 g - a scroll of identify
Potions
 d - 2 potions of curing
 e - a potion of heal wounds
 f - a potion of haste {unknown}
 i - a potion of lignification {unknown}

Dungeon Overview and Level Annotations

Branches:
Dungeon (5/15)              Sewer (visited)
 Temple: D:4-7

Altars:
Uskayaw
Zin

Annotations:
D:5 Sigmund


Message History

Sigmund is heavily wounded.
Sigmund mumbles some strange words.
Sigmund flickers and vanishes!
Deactivating autopickup; reactivate with Ctrl-A.
You shoot an arrow.
A puff of flame appears from out of thin air!
The puff of flame hits you.
You shoot an arrow. You shoot an arrow. You shoot an arrow.
You hear some strange, mumbled words.
A puff of flame appears from out of thin air!
The puff of flame hits you!
You shoot an arrow.
You hear some strange, mumbled words.
You are confused.
You shoot an arrow.
A magic dart appears from out of thin air!
The magic dart hits you.
You shoot an arrow. The arrow hits you but does no damage.
You hear some strange, mumbled words.
A puff of flame appears from out of thin air!
The puff of flame hits you.
You shoot an arrow. Something hits you.
You shoot an arrow. The arrow barely misses you. Something hits you.
You shoot an arrow. You shoot an arrow.
You feel less confused.
You hear some strange, mumbled words.
You are confused.
You shoot an arrow. Something hits you!
You shoot an arrow. Something hits you!
You shoot an arrow. You shoot an arrow. Something hits you!
You die...

.. ... #...
#%.# #..# #{.#
## ##..# .#
###@.# .#
##...## .#
##...## .##
#...## ..##
##..## ...###
##..##
.....#####..##
###........##
# ###......#


There were no monsters in sight!

Vanquished Creatures
  2 kobold brigands (Sewer)
  Jessica (D:2)
  14 adders
  A shadow imp (D:4)
  A worm (Sewer)
  3 dart slugs
  5 orcs
  14 ball pythons
  9 endoplasms
  4 giant cockroaches
  5 goblins
  6 hobgoblins
  2 jackals (D:4)
  5 quokkas
  6 bats
  4 frilled lizards
  15 kobolds
  8 rats
105 creatures vanquished.

Notes
Turn   | Place    | Note
-------+----------+-------------------------------------------
     0 | D:1      | qw the Deep Elf Hunter began the quest for the Orb.
     0 | D:1      | Reached XP level 1. HP: 12/12 MP: 3/3
     0 | D:1      | 0 ||| qw: Version: 0.3-a-22-g0ed2b0b
     0 | D:1      | 0 ||| qw: Game counter: 6510
     0 | D:1      | 0 ||| qw: Melee chars always use a shield: true
     0 | D:1      | 0 ||| qw: God list: Okawaru
     0 | D:1      | 0 ||| qw: Allow faded altars: false
     0 | D:1      | 0 ||| qw: Do Orc after clearing Dungeon:15 true
     0 | D:1      | 0 ||| qw: Do second Lair branch before Depths: true
     0 | D:1      | 0 ||| qw: Lair rune preference: random
     0 | D:1      | 0 ||| qw: Goals: Normal
     0 | D:1      | 0 ||| PLANNING D:1-11
   316 | D:1      | Reached XP level 2. HP: 16/16 MP: 4/4
   401 | D:1      | Reached skill level 6 in Ranged Weapons
  1022 | D:1      | 1022 ||| UPGRADING to +0 scale mail.
  1032 | D:1      | 1032 ||| DROPPING +0 leather armour.
  1033 | D:1      | 1033 ||| READING 2 scrolls labelled IQERUCIAMU.
  1034 | D:1      | 1034 ||| READING scroll labelled AWIKHLU ARGHEN.
  1035 | D:1      | 1035 ||| READING scroll labelled BUOF CODAR.
  1036 | D:1      | 1036 ||| READING 2 scrolls labelled DEUGOUSIDUO.
  1037 | D:1      | 1037 ||| DROPPING scroll of revelation.
  1038 | D:1      | 1038 ||| DROPPING scroll of butterflies.
  1129 | D:2      | Reached XP level 3. HP: 19/20 MP: 5/5
  1374 | D:2      | Reached skill level 7 in Ranged Weapons
  1452 | D:2      | Reached XP level 4. HP: 25/25 MP: 6/6
  1503 | D:2      | Noticed Jessica
  1512 | D:2      | Killed Jessica
  1818 | D:2      | 1818 ||| UPGRADING to +0 ring mail.
  1828 | D:2      | 1828 ||| DROPPING +0 scale mail.
  1829 | D:2      | 1829 ||| READING scroll labelled XESTET ZAUGIY.
  1930 | D:2      | 1930 ||| READING scroll labelled WOLINI UGIM.
  1931 | D:2      | 1931 ||| READING scroll labelled VUP XAOHODIASS.
  1955 | D:3      | 1955 ||| PLANNING SEWER
  1973 | D:3      | Reached skill level 8 in Ranged Weapons
  2218 | D:3      | Reached XP level 5. HP: 29/29 MP: 7/7
  2270 | D:3      | Found a glowing drain.
  2271 | D:3      | 2271 ||| READING scroll labelled GOUCKE AZASID.
  2271 | D:3      | Identified a scroll of acquirement
  2271 | D:3      | 2271 ||| ACQUIRING 693 gold pieces
  2271 | D:3      | Acquired 693 gold pieces
  2273 | D:3      | 2273 ||| READING scroll labelled HIG YMAROIN.
  2274 | D:3      | 2274 ||| READING 2 scrolls of identify.
  2274 | D:3      | 2274 ||| IDENTIFYING inky potion
  2284 | Sewer    | Entered a sewer
  2291 | Sewer    | 2291 ||| Stepping ~*~*~tactically~*~*~ (water).
  2308 | Sewer    | 2308 ||| Stepping ~*~*~tactically~*~*~ (water).
  2310 | Sewer    | 2310 ||| Stepping ~*~*~tactically~*~*~ (water).
  2325 | Sewer    | Reached skill level 9 in Ranged Weapons
  2448 | Sewer    | 2448 ||| FLEEEEING.
  2476 | Sewer    | 2476 ||| FLEEEEING.
  2477 | Sewer    | 2477 ||| FLEEEEING.
  2479 | Sewer    | 2479 ||| FLEEEEING.
  2481 | Sewer    | Reached XP level 6. HP: 31/35 MP: 8/8
  2589 | Sewer    | 2589 ||| Stepping ~*~*~tactically~*~*~ (outnumbered).
  2591 | Sewer    | 2591 ||| Stepping ~*~*~tactically~*~*~ (outnumbered).
  2593 | Sewer    | 2593 ||| Stepping ~*~*~tactically~*~*~ (outnumbered).
  2640 | Sewer    | 2640 ||| READING 2 scrolls labelled MACSUO NUOQOCK.
  2641 | Sewer    | 2641 ||| READING scroll labelled UBBEMNOXTA.
  2642 | Sewer    | 2642 ||| READING scroll labelled VITY MYLEBO.
  2643 | Sewer    | 2643 ||| DRINKING 2 purple potions.
  2644 | Sewer    | 2644 ||| READING 2 scrolls of identify.
  2644 | Sewer    | 2644 ||| IDENTIFYING ruby potion
  2645 | Sewer    | 2645 ||| DROPPING scroll of blinking.
  2646 | Sewer    | 2646 ||| DROPPING potion of magic.
  2658 | D:3      | 2658 ||| PLANNING D:1-11
  3065 | D:3      | 3065 ||| DRINKING 3 orange potions.
  3066 | D:3      | 3066 ||| DRINKING potion of curing.
  3066 | D:3      | 3066 ||| (to cure confusion)
  3067 | D:3      | 3067 ||| DROPPING 2 potions of ambrosia.
  3165 | D:4      | Found a glowing silver altar of Zin.
  3204 | D:4      | Found a hide-covered altar of Uskayaw.
  3351 | D:4      | Reached skill level 10 in Ranged Weapons
  3500 | D:4      | 3500 ||| READING scroll of brand weapon.
  3500 | D:4      | 3500 ||| BRANDING +1 shortbow of freezing.
  3517 | D:4      | Reached skill level 3 in Dodging
  3606 | D:4      | 3606 ||| UPGRADING to +0 pair of gloves.
  3611 | D:4      | 3611 ||| READING 2 scrolls of identify.
  3611 | D:4      | 3611 ||| IDENTIFYING fizzy yellow potion
  3612 | D:4      | 3612 ||| DROPPING potion of berserk rage.
  3628 | D:5      | Entered Level 5 of the Dungeon
  3665 | D:5      | Noticed Sigmund
  3668 | D:5      | 3668 ||| DRINKING 3 potions of curing.
  3668 | D:5      | 3668 ||| (to cure confusion)
  3682 | D:5      | HP: 7/35 [something (8)]
  3683 | D:5      | HP: 1/35 [something (7)]
  3685 | D:5      | Mangled by Sigmund

Levels and vault maps discovered:
D:1:      onia_arrival_pyramid, layout_basic, serial_corexii_hall,
          chequers_hall_statues_corner_a, chequers_hall_statues_y,
          ebering_dispersal_statue_hall, dk_noncrumbling_2
D:2:      layout_basic, grunt_decor_resistance, uniq_jessica
D:3:      wad_crossroads, layout_basic, cheibrodos_sewer_entry_sluice
D:4:      layout_rooms, nicolae_uskayaw_suspiria, lemuel_round_altar,
          minmay_snake_closets
D:5:      layout_layer_cave, dreamdust_wishing_well, serial_bayou_pond_c,
          uniq_sigmund

Skill      XL: |  1  2  3  4  5  6 |
---------------+-------------------+-----
Ranged Weapons | 6 7 8 9 10 | 10.0
Fighting       | 2 |  2.0
Dodging        | 3 |  3.0
Armour         | |  0.2
Stealth        | |  1.2

Action                     |  1- 3 |  4- 6 || total
---------------------------+-------+-------++-------
   Fire: Shortbow          |    91 |   198 ||   289
    Use: Scroll            |     4 |    12 ||    16
         Potion            |       |     4 ||     4
 Armour: Scale mail        |    17 |     5 ||    22
         Ring mail         |       |    13 ||    13
  Dodge: Dodged            |    18 |    39 ||    57

Table legend:
 A = Non-vault XP
 B = Vault XP
 C = Vault XP percentage of total XP
 D = Non-vault monster count
 E = Vault monster count
 F = Vault count percentage of total count
                 A         B        C        D         E       F
            +---------+---------+-------+---------+---------+-------
      Total |     225 |     358 |  61.4 |      65 |      40 |  38.1
            +---------+---------+-------+---------+---------+-------
        D:1 |      24 |       0 |   0.0 |      13 |       0 |   0.0
        D:2 |      85 |      37 |  30.3 |      27 |       1 |   3.6
        D:3 |      67 |      12 |  15.2 |      16 |       6 |  27.3
        D:4 |      36 |      62 |  63.3 |       8 |      12 |  60.0
        D:5 |      13 |       0 |   0.0 |       1 |       0 |   0.0
      Sewer |       0 |     247 | 100.0 |       0 |      21 | 100.0
            +---------+---------+-------+---------+---------+-------
